 Dungeon Crawl Stone Soup version 0.30-a0-389-g8d7d949f56 (webtiles) character file.

Game seed: 11584588777526451767

13337 jasonbek the Cleaver (level 11, -9/100 HPs)
             Began as a Minotaur Fighter on Dec 3, 2022.
             Was a High Priest of Okawaru.
             Mangled by Joseph
             ... wielding a +2 quarterstaff of speed
              (10 damage)
             ... on level 1 of the Lair of Beasts.
             The game lasted 00:59:37 (11781 turns).

jasonbek the Cleaver (Minotaur Fighter)            Turns: 11781, Time: 00:59:38

Health: -9/100     AC: 26    Str: 24    XL:     11   Next: 74%
Magic:  10/10      EV:  9    Int:  5    God:    Okawaru [*****.]
Gold:   638        SH:  0    Dex: 11    Spells: 10/10 levels left

rFire   . . .      SeeInvis .    S - +3 battleaxe
rCold   . . .      Faith    .    (shield currently unavailable)
rNeg    . . .      Spirit   .    J - +7 plate armour {ponderous}
rPois   .          Reflect  .    (helmet restricted)
rElec   .          Harm     .    B - +0 cloak
rCorr   .          Rampage  .    (no gloves)
Will    .....                    j - +2 pair of boots
Stlth   ..........               (no amulet)
HPRegen 0.36/turn                m - ring of flight
MPRegen 0.12/turn                D - ring of flight

@: weak-willed, flying, invisible, slow
A: horns 2, retaliatory headbutt
a: Renounce Religion, Heroism, Finesse, Duel


You were on level 1 of the Lair of Beasts.
You worshipped Okawaru.
Okawaru was extremely pleased with you.
You visited 3 branches of the dungeon, and saw 11 of its levels.
You also visited: Ossuary.

You collected 638 gold pieces.

Inventory:

Hand Weapons
 k - a +0 sling
 n - a +4 great sword
 u - a +2 quarterstaff of chaos
 C - a +0 hammer
 G - a +2 halberd
 S - a +3 battleaxe (weapon)
Missiles
 E - 15 poisoned darts (quivered)
 Q - a curare-tipped dart
Armour
 c - a +0 kite shield
 j - a +2 pair of boots (worn)
 B - a +0 cloak (worn)
 J - a +7 plate armour of ponderousness (worn)
Jewellery
 b - an amulet of the acrobat
 m - a ring of flight (left hand)
 D - a ring of flight (right hand)
Wands
 t - a wand of polymorph (4)
 w - a wand of flame (8)
 H - a wand of digging (2)
Scrolls
 f - a scroll of butterflies {unknown}
 o - 7 scrolls of identify
 q - a scroll of fear {unknown}
 r - 2 scrolls of teleportation {unknown}
 s - 2 scrolls of magic mapping {unknown}
 v - a scroll of immolation {unknown}
 x - a scroll of acquirement {unknown}
 z - 2 scrolls of enchant weapon {unknown}
 F - 2 scrolls of vulnerability
Potions
 a - a potion of resistance {unknown}
 d - 2 potions of lignification {unknown}
 e - 3 potions of heal wounds {unknown}
 g - 3 potions of brilliance {unknown}
 h - 3 potions of invisibility
 i - 3 potions of might
 l - 3 potions of flight {unknown}
 A - a potion of mutation {unknown}
 I - 4 potions of berserk rage
 K - 6 potions of curing
 L - 2 potions of magic {unknown}
 M - a potion of cancellation {unknown}
 N - 3 potions of ambrosia {unknown}
 R - a potion of attraction {unknown}
Miscellaneous
 p - a lightning rod (4/4)


   Skills:
 + Level 10.2 Fighting
 + Level 7.5 Long Blades
 + Level 13.9 Axes
 + Level 1.5 Throwing
 + Level 10.0 Armour
 + Level 5.5 Dodging
 + Level 1.9 Stealth
 + Level 6.5 Shields
 + Level 2.4 Evocations


You had 10 spell levels left.
You didn't know any spells.
Your spell library contained the following spells:

 Spells                   Type           Power      Damage    Failure   Level
 Cigotuvi's Dreadful Rot  Necr/Pois/Air  0%         N/A       100%        2
 Poisonous Vapours        Pois/Air       0%         N/A       100%        2
 Sublimation of Blood     Necr           0%         N/A       100%        2
 Mephitic Cloud           Conj/Pois/Air  0%         N/A       100%        3
 Vhi's Electric Charge    Tloc/Air       0%         N/A       100%        3
 Petrify                  Tmut/Erth      0%         N/A       100%        4
 Arcjolt                  Conj/Air       0%         1d10      100%        5
 Irradiate                Conj/Tmut      0%         3d11      100%        5
 Maxwell's Capacitive Co  Air            0%         ∞         100%        8


Dungeon Overview and Level Annotations

Branches:
Dungeon (9/15)             Temple (1/1) D:6            Lair (1/5) D:8
    Orc (0/2) D:9         Ossuary (visited)

Altars:
Ashenzari
Cheibriados
Dithmenos
Elyvilon
Fedhas
Gozag
Hepliaklqana
Kikubaaqudgha
Makhleb
Nemelex Xobeh
Okawaru
Qazlal
Ru
Sif Muna
Trog
Uskayaw
Vehumet
Wu Jian
Xom
Yredelemnul
Zin
The Shining One

Shops:
D:2 [*   D:7 [

Annotations:
D:5 1 runed translucent door, voshxx's ghost, novice GnIE
D:8 2 transporters, Engwar's ghost, novice TrGl
Lair:1 Joseph


Innate Abilities, Weirdness & Mutations

You have a pair of horns on your head.
You reflexively headbutt those who attack you in melee.


Message History

Joseph wields a +0 sling.
Joseph shoots a sling bullet.
The sling bullet closely misses you.
The sling bullet hits the blink frog!
Joseph shoots a sling bullet.
The sling bullet closely misses you. The blink frog hits you!
The blink frog closely misses you.
Joseph shoots a sling bullet.
The sling bullet hits you!
The blink frog blinks!
Joseph shoots a sling bullet.
The sling bullet hits you!
The blink frog blinks!
The blink frog hits you but does no damage.
The blink frog hits you but does no damage.
The blink frog hits you but does no damage.
The blink frog barely misses you.
You slice the blink frog!!
You kill the blink frog!
Okawaru accepts your kill.
Joseph shoots a sling bullet.
The sling bullet hits you.
The blink frog blinks!
You slash the blink frog!
The blink frog is moderately wounded.
The blink frog barely misses you.
Joseph unwields a +0 sling.
Joseph wields a +2 quarterstaff of speed.
Joseph drinks a potion.
Joseph goes berserk!
You closely miss the blink frog. Your headbutt misses the blink frog.
The blink frog is moderately wounded.
You hit Joseph. The blink frog hits you!
The blink frog blinks!
Joseph hits you with a +2 quarterstaff of speed!!
* * * LOW HITPOINT WARNING * * *
Unknown command.
You feel better. Joseph barely misses you. You furiously retaliate!
You headbutt Joseph!
Joseph hits you with a +2 quarterstaff of speed!
* * * LOW HITPOINT WARNING * * *
As you read the scroll labelled SUEJEE PAOGIY, it crumbles to dust.
Magic quickly surges around you.
It was a scroll of vulnerability.
Joseph hits you with a +2 quarterstaff of speed!!
* * * LOW HITPOINT WARNING * * *
Joseph barely misses you.
Joseph hits you with a +2 quarterstaff of speed.
* * * LOW HITPOINT WARNING * * *
You fade into invisibility!
Joseph closely misses you.
Joseph hits you with a +2 quarterstaff of speed!
You die...

#..##.....####.
#..##..........
#..###.......#
... #........#
... ##.......# .
#........###..
##............
#............
#...@†.......
#....@.......
......(...F......
.................
.......#.#.......
.......###.......
.......# .......
....... .......
....... .......


You could see Joseph (berserk, unable to see you, weak-willed) and a blink frog
(unable to see you, weak-willed).

Vanquished Creatures
  2 two-headed ogres
  Pikel (D:4)
  4 cane toads (Lair:1)
  A black mamba (Lair:1)
  A rime drake (D:8)
  2 komodo dragons (Lair:1)
  A polar bear (Lair:1)
  A troll (D:7)
  2 blink frogs (Lair:1)
  Sigmund (D:4)
  A wyvern (D:8)
  2 basilisks (Lair:1)
  12 yaks (Lair:1)
  Menkaure (D:6)
  An acid dragon (D:8)
  A water moccasin (D:9)
  4 ice beasts
  3 sky beasts
  7 orc warriors (D:9)
  3 black bears
  2 ogres (D:5)
  2 centaurs (D:9)
  4 wolves (D:8)
  A phantom (D:6)
  3 bullfrogs
  2 kobold brigands
  Blork the orc (D:4)
  A wyvern zombie (D:8)
  An elf zombie (Ossuary)
  3 necrophages
  A gnoll sergeant (D:9)
  2 scorpions (D:5)
  13 wights
  11 killer bees
  4 howler monkeys
  3 electric eels (D:9)
  7 centaur zombies
  4 hounds
  4 jellies
  A gnoll bouda (D:9)
  4 human zombies
  8 orc priests
  Crazy Yiuf (D:4)
  Ijyb (D:4)
  4 iguanas
  6 orc wizards
  Natasha (twice) (D:4)
  2 killer bee zombies (D:8)
  3 mummies (Ossuary)
  A howler monkey zombie (D:8)
  10 gnolls
  3 adders
  3 shadow imps
  A white imp (D:6)
  2 adder zombies (Ossuary)
  4 dart slugs
  24 orcs
  9 endoplasms
  3 giant cockroaches
  2 gnoll zombies (Ossuary)
  5 goblins
  7 hobgoblins
  10 jackals
  5 quokkas
  7 ball pythons
  5 bats (D:1)
  5 frilled lizards
  5 goblin zombies (Ossuary)
  A hobgoblin zombie (Ossuary)
  A jackal zombie (Ossuary)
  23 kobolds
  5 kobold zombies (Ossuary)
  2 orc zombies (Ossuary)
  6 quokka zombies (Ossuary)
  6 rats
  A rat zombie (Ossuary)
308 creatures vanquished.

Vanquished Creatures (others)
  An orc wizard (D:9)
  3 fungi
  3 plants (D:6)
7 creatures vanquished.

Grand Total: 315 creatures vanquished

Notes
Turn   | Place    | Note
-------+----------+-------------------------------------------
     0 | D:1      | jasonbek the Minotaur Fighter began the quest for the Orb.
     0 | D:1      | Reached XP level 1. HP: 19/19 MP: 0/0
    95 | D:1      | Reached XP level 2. HP: 27/27 MP: 1/1
   401 | D:1      | Reached skill level 3 in Axes
   401 | D:1      | Reached XP level 3. HP: 26/33 MP: 2/2
   942 | D:2      | Found a faded altar of an unknown god.
   965 | D:2      | Found Into's Assorted Antiques.
  1166 | D:2      | Found Bunuxkaddy's Antique Armour Shop.
  1657 | D:3      | Found a radiant altar of Vehumet.
  1695 | D:3      | Found an ornate altar of the Wu Jian Council.
  1742 | D:3      | Reached XP level 4. HP: 40/40 MP: 3/3
  1976 | D:3      | Found a bloodstained altar of Trog.
  2270 | D:4      | Reached skill level 4 in Axes
  2321 | D:4      | Noticed Natasha
  2332 | D:4      | Killed Natasha
  2414 | D:4      | Noticed a necrophage
  2414 | D:4      | Noticed Natasha
  2415 | D:4      | Noticed a black bear
  2429 | D:4      | Killed Natasha
  2430 | D:4      | Reached XP level 5. HP: 35/46 MP: 4/4
  2452 | D:4      | Reached skill level 1 in Dodging
  2454 | D:4      | Killed a black bear
  2455 | D:4      | Reached skill level 5 in Axes
  2455 | D:4      | Reached skill level 5 in Armour
  2455 | D:4      | Reached XP level 6. HP: 23/53 MP: 5/5
  2578 | D:4      | Noticed Blork the orc
  2588 | D:4      | Killed Blork the orc
  2590 | D:4      | Noticed Sigmund
  2605 | D:4      | Killed Sigmund
  2606 | D:4      | Reached skill level 1 in Evocations
  2606 | D:4      | Reached XP level 7. HP: 47/60 MP: 6/6
  2723 | D:4      | Reached skill level 6 in Axes
  2880 | D:4      | Noticed Ijyb
  2885 | D:4      | Killed Ijyb
  3025 | D:4      | Noticed Pikel
  3050 | D:4      | Killed Pikel
  3051 | D:4      | Reached skill level 5 in Fighting
  3051 | D:4      | Reached skill level 7 in Axes
  3051 | D:4      | Reached skill level 5 in Shields
  3051 | D:4      | Reached XP level 8. HP: 16/68 MP: 7/7
  3270 | D:4      | Found a runed translucent door.
  3271 | D:4      | Noticed Crazy Yiuf
  3277 | D:4      | Killed Crazy Yiuf
  3465 | D:5      | Entered Level 5 of the Dungeon
  3594 | D:5      | Reached skill level 8 in Axes
  3597 | D:5      | Reached skill level 1 in Stealth
  3716 | D:5      | Reached skill level 9 in Axes
  3798 | D:5      | Identified the +0 robe of Gaotip {Rampage +Blink rF- rCorr}
  4223 | D:5      | Found a hazy altar of Hepliaklqana.
  4227 | D:5      | Found a shimmering altar of Xom.
  4228 | D:5      | Noticed a spectral ugly thing
  4325 | D:5      | Found a runed translucent door.
  4329 | D:5      | Reached XP level 9. HP: 69/75 MP: 8/8
  4330 | D:5      | Noticed voshxx's ghost (novice GnIE)
  4540 | D:6      | Noticed a two-headed ogre
  4562 | D:6      | Killed a two-headed ogre
  4563 | D:6      | Reached skill level 10 in Axes
  4795 | D:6      | Found an ancient bone altar of Kikubaaqudgha.
  4810 | D:6      | Found a blossoming altar of Fedhas.
  5076 | D:6      | Noticed Menkaure
  5085 | D:6      | Killed Menkaure
  5167 | D:6      | Found a staircase to the Ecumenical Temple.
  5212 | Temple   | Entered the Ecumenical Temple
  5337 | Temple   | Became a worshipper of Warmaster Okawaru
  5470 | D:6      | Found a shimmering blue altar of Sif Muna.
  5871 | D:7      | Found a broken altar of Ashenzari.
  6141 | D:7      | Found a stormy altar of Qazlal.
  6183 | D:7      | Reached skill level 5 in Dodging
  6196 | D:7      | Found a glowing golden altar of the Shining One.
  6196 | D:7      | Found a white marble altar of Elyvilon.
  6196 | D:7      | Found a glowing silver altar of Zin.
  6215 | D:7      | Found a hide-covered altar of Uskayaw.
  6308 | D:7      | Found a sand-covered staircase.
  6320 | Ossuary  | Entered an ossuary
  6491 | Ossuary  | Reached skill level 11 in Axes
  6556 | Ossuary  | Reached XP level 10. HP: 88/88 MP: 9/9
  6945 | D:7      | Found Fabrughy's Antique Armour Shop.
  7057 | D:7      | Reached * piety under Okawaru
  7058 | D:7      | Reached skill level 1 in Long Blades
  7611 | D:8      | Noticed a two-headed ogre
  7659 | D:7      | Killed a two-headed ogre
  8136 | D:8      | Reached skill level 5 in Long Blades
  8225 | D:8      | Reached ** piety under Okawaru
  8242 | D:8      | Found a staircase to the Lair.
  8275 | D:8      | Reached skill level 1 in Throwing
  8445 | D:8      | Noticed Engwar's ghost (novice TrGl)
  8449 | D:8      | Found a transporter.
  8449 | D:8      | Found a transporter.
  8772 | D:8      | Reached *** piety under Okawaru
  8957 | D:8      | Found a basalt altar of Yredelemnul.
  9429 | D:9      | Identified the +6 short sword "Daupsucw" {distort, rF+}
  9821 | D:9      | Reached XP level 11. HP: 97/97 MP: 10/10
  9839 | D:9      | Found a sacrificial altar of Ru.
 10288 | D:9      | Reached skill level 12 in Axes
 10634 | D:9      | Found a staircase to the Orcish Mines.
 11083 | Lair:1   | Entered Level 1 of the Lair of Beasts
 11101 | Lair:1   | Reached **** piety under Okawaru
 11101 | Lair:1   | Received a gift from Okawaru
 11247 | Lair:1   | Reached skill level 13 in Axes
 11369 | Lair:1   | Reached skill level 10 in Fighting
 11435 | Lair:1   | Reached ***** piety under Okawaru
 11436 | Lair:1   | Reached skill level 10 in Armour
 11767 | Lair:1   | Noticed Joseph
 11780 | Lair:1   | HP: 1/100 [Joseph/+2 quarterstaff of speed (6)]
 11781 | Lair:1   | Mangled by Joseph

Illustrated notes

Levels and vault maps discovered:
D:1:      psy_arrival_whirlpool, layout_basic, hangedman_decor_lopped
D:2:      layout_loops_ring, hellmonk_ecumenical_altar_lost_god, serial_shops,
          shop_statue, shop
D:3:      layout_basic, lemuel_crystal_altar, overflow_temple_1_default,
          nicolae_vehumet_altar_sigil
D:4:      layout_loops_ring, uniq_sigmund, uniq_crazy_yiuf_cottage,
          uniq_blork_the_orc, uniq_natasha, uniq_ijyb, uniq_pikel
D:5:      layout_loops_ring, regret_index_temple_of_mockery,
          ebering_ghost_reflecting_pool, minmay_misc_feat_alley,
          serial_bayou_crossing
D:6:      lemuel_ice_spiral_2, layout_basic, tgw_sif,
          grunt_temple_overflow_growth_and_decay,
          minmay_temple_entry_stoned_glass, uniq_menkaure
D:7:      layout_loops_corners, good_gods_mini_temple, kennysheep_little_box,
          mainiacjoe_overflow_24_doors, mainiacjoe_overflow_cross_hatched,
          lightli_ossuary_entry_decrepit_ruins, serial_shops,
          nicolae_stop_n_shop_1, minmay_misc_feat_room
D:8:      layout_gridville, lemuel_mausoleum_altar_yredelemnul,
          hellmonk_lair_entry_icy, gammafunk_ghost_smash
D:9:      layout_loops_ring, nicolae_ru_sacrificial_ziggurat, erik_orc_2
Temple:   nicolae_temple_two_arcs
Lair:1:   layout_long_grid, minivault_24, grunt_megastairs_3,
          infiniplex_staircase_pool, uniq_joseph

Skill      XL: |  1  2  3  4  5  6  7  8  9 10 11 |
---------------+----------------------------------+-----
Shields        | 4 5 6 |  6.5
Armour         | 4 5 6 7 8 10 | 10.0
Axes           | 3 4 5 7 9 11 13 | 13.9
Fighting       | 4 5 6 7 9 10 | 10.2
Dodging        | 1 2 3 5 |  5.5
Evocations     | 1 2 |  2.4
Stealth        | 1 |  1.9
Long Blades    | 7 |  7.5
Throwing       | 1 |  1.5

Action                   |  1- 3 |  4- 6 |  7- 9 | 10-12 || total
-------------------------+-------+-------+-------+-------++-------
Melee: War axe           |    97 |    56 |    98 |       ||   251
       Headbutt          |     4 |     5 |    77 |    66 ||   152
       Hand axe          |       |       |   181 |       ||   181
       Great sword       |       |       |    24 |   107 ||   131
       Battleaxe         |       |       |       |   261 ||   261
Throw: Dart              |       |       |     3 |    10 ||    13
Evoke: Wand              |     1 |     8 |     8 |       ||    17
  Use: Scroll            |       |     1 |     2 |     5 ||     8
       Potion            |       |     1 |     1 |     2 ||     4
Armor: Scale mail        |    62 |       |       |       ||    62
       Ring mail         |       |    23 |    86 |       ||   109
       Plate armour      |       |       |    76 |   399 ||   475
Dodge: Dodged            |    67 |    36 |   143 |   259 ||   505
Block: Buckler           |    31 |    13 |    53 |       ||    97

Table legend: (Time is in decaauts)
 A = Elapsed time spent in this place.
 B = Non-inter-level travel time spent in this place.
 C = Inter-level travel time spent in this place.
 D = Time resting spent in this place.
 E = Time spent auto-exploring this place.
 F = Levels seen in this place.
 G = Mean time per level.
                   A        B        C        D        E       F      G
               +--------+--------+--------+--------+--------+-----+--------+
         Total |  12237 |  11954 |    283 |   1929 |   4358 |  12 | 1019.8 |
       Dungeon |  10983 |  10711 |    272 |   1755 |   3985 |   9 | 1220.3 |
        Temple |    141 |    131 |     10 |      0 |     67 |   1 |  141.0 |
          Lair |    739 |    739 |      0 |    174 |    229 |   1 |  739.0 |
       Ossuary |    373 |    373 |      0 |      0 |     76 |   1 |  373.0 |
               +--------+--------+--------+--------+--------+-----+--------+

Top non-repeatable levels by time:
     D:7: 1963 daAuts
     D:9: 1707 daAuts
     D:8: 1642 daAuts
     D:4: 1224 daAuts
     D:6: 1130 daAuts
     D:5: 1014 daAuts
     D:2: 845 daAuts
     D:1: 812 daAuts
  Lair:1: 739 daAuts
     D:3: 643 daAuts
 Ossuary: 373 daAuts
  Temple: 141 daAuts
